 Dungeon Crawl Stone Soup version 0.23.2-1-ga50397a (webtiles) character file.

Game seed: 11033819432532351845

732 Borgoz the Skirmisher (level 7, -5/93 HPs)
             Began as a Minotaur Monk on May 25, 2019.
             Slain by an iguana (12 damage)
             ... on level 5 of the Dungeon.
             The game lasted 00:05:45 (3877 turns).

Borgoz the Skirmisher (Minotaur Monk)               Turns: 3877, Time: 00:05:46

Health: -5/93      AC:  7    Str: 23    XL:     7   Next: 45%
Magic:  7/7        EV: 12    Int:  9    God:
Gold:   162        SH:  0    Dex: 12    Spells: 6/6 levels left

rFire    . . .     SeeInvis .   a - +0 falchion
rCold    . . .     Gourm    .   (no shield)
rNeg     . . .     Faith    .   e - +0 scale mail
rPois    .         Spirit   .   (helmet restricted)
rElec    .         Reflect  .   (no cloak)
rCorr    .         Harm     .   (no gloves)
MR       .....                  (no boots)
Stlth    ..........             f - amulet of rage
HPRegen  0.25/turn              (no ring)
MPRegen  0.10/turn              (no ring)

@: berserking, very quick
A: retaliatory headbutt, horns 2, clever 1, MP-powered wands
a: Evoke Berserk Rage


You were on level 5 of the Dungeon.
You were very hungry.

You visited 1 branch of the dungeon, and saw 5 of its levels.

You collected 162 gold pieces.

Inventory:

Hand Weapons
 a - a +0 falchion (weapon)
 g - a +0 long sword
Armour
 e - a +0 scale mail (worn)
Jewellery
 f - an amulet of rage (around neck)
Wands
 p - a wand of iceblast (10)
Scrolls
 d - 4 scrolls of teleportation
 h - a scroll of amnesia {unknown}
 k - a scroll of enchant armour {unknown}
 l - 2 scrolls of remove curse
 m - a scroll of enchant weapon {unknown}
 o - 3 scrolls of identify
 r - a scroll of fog {unknown}
Potions
 b - a potion of degeneration {unknown}
 i - a potion of mutation
 j - a potion of heal wounds
 n - a potion of magic {unknown}
Comestibles
 c - 5 rations


   Skills:
 * Level 5.9 Fighting
 * Level 5.9 Long Blades
 * Level 4.5 Armour
 * Level 5.3 Dodging
 - Level 1.5 Stealth
 + Level 2.0 Evocations


You had 6 spell levels left.
You didn't know any spells.
Your spell library was empty.

Dungeon Overview and Level Annotations

Branches:
Dungeon (5/15)             Temple (0/1) D:4

Altars:
Qazlal

Annotations:
D:4 Pikel


Innate Abilities, Weirdness & Mutations

You reflexively headbutt those who attack you in melee.
You have a pair of horns on your head.
Your mind is acute. (Int +2)
You expend magic power (3 MP) to strengthen your wands.


Message History

You are feeling very hungry.
The iguana hisses menacingly.
The iguana bites you. The slave hits you.
* * * LOW HITPOINT WARNING * * *
You completely miss the iguana.
The iguana is moderately wounded.
The iguana bites you!
* * * LOW HITPOINT WARNING * * *
The slave barely misses you.
You barely miss the iguana. You headbutt the iguana.
The iguana is severely wounded.
The iguana bites you!
* * * LOW HITPOINT WARNING * * *
The slave closely misses you.
You closely miss the slave. You headbutt the slave.
The slave is almost dead.
You closely miss the iguana.
The iguana is severely wounded.
The iguana bites you!
You die...

#.. #... ...
#..###
..##..#.##
.....%..##
......#.#.
.........
#[.......
#@l......
......p....#.=#
...........#
.............
...............
...............
....#.###..#...
...... ..##..


You could see a slave and an iguana.

Vanquished Creatures
  Grinder (D:3)
  A hippogriff (D:4)
  A slave (D:5)
  A hound (D:4)
  2 orc wizards
  Natasha (twice) (D:3)
  2 worker ants
  6 adders
  2 oozes
  An adder skeleton (D:4)
  2 worms (D:2)
  5 leopard geckos
  9 orcs
  A ball python (D:4)
  7 bats
  3 giant cockroaches
  9 hobgoblins
  8 jackals
  7 kobolds
  2 frilled lizards
  6 goblins
  5 rats
83 creatures vanquished.

Notes
Turn   | Place    | Note
-------+----------+-------------------------------------------
     0 | D:1      | Borgoz the Minotaur Monk began the quest for the Orb.
     0 | D:1      | Reached XP level 1. HP: 19/19 MP: 0/0
   120 | D:1      | Reached skill level 1 in Armour
   124 | D:1      | Reached XP level 2. HP: 3/27 MP: 1/1
  1244 | D:2      | Reached XP level 3. HP: 33/33 MP: 2/2
  1268 | D:2      | Gained mutation: Your mind is acute. (Int +2) [potion of
                  | mutation]
  1268 | D:2      | Gained mutation: You expend magic power (3 MP) to
                  | strengthen your wands. [potion of mutation]
  1613 | D:2      | Reached XP level 4. HP: 40/40 MP: 3/3
  1972 | D:3      | Reached skill level 1 in Evocations
  1972 | D:3      | Reached XP level 5. HP: 25/47 MP: 4/4
  2215 | D:3      | Noticed Grinder
  2231 | D:3      | Killed Grinder
  2231 | D:3      | Reached skill level 5 in Fighting
  2231 | D:3      | Reached skill level 5 in Long Blades
  2231 | D:3      | Reached XP level 6. HP: 11/56 MP: 4/6
  2570 | D:3      | Noticed Natasha
  2597 | D:3      | Killed Natasha
  3028 | D:3      | Noticed Natasha
  3034 | D:3      | Killed Natasha
  3110 | D:4      | Found a stormy altar of Qazlal.
  3110 | D:4      | Noticed an air elemental
  3111 | D:4      | Noticed a hippogriff
  3118 | D:4      | Killed a hippogriff
  3118 | D:4      | Reached skill level 5 in Dodging
  3118 | D:4      | Reached XP level 7. HP: 51/62 MP: 7/7
  3194 | D:4      | Found a staircase to the Ecumenical Temple.
  3554 | D:4      | Noticed Pikel
  3862 | D:5      | Entered Level 5 of the Dungeon
  3877 | D:5      | Slain by an iguana

Skill      XL: |  1  2  3  4  5  6  7 |
---------------+----------------------+-----
Armour         | 1 2 3 4 |  4.5
Long Blades    | 4 5 |  5.9
Fighting       | 4 5 |  5.9
Dodging        | 4 5 |  5.3
Evocations     | 1 2 |  2.0
Stealth        | |  1.5

Action                   |  1- 3 |  4- 6 |  7- 9 || total
-------------------------+-------+-------+-------++-------
Melee: Falchion          |    74 |    85 |    52 ||   211
       Headbutt          |    15 |    23 |    14 ||    52
 Abil: Evoke Berserk Rag |       |     2 |     1 ||     3
  Use: Potion            |     3 |     3 |     1 ||     7
       Scroll            |       |     1 |     2 ||     3
 Stab: Sleeping          |     1 |     1 |       ||     2
  Eat: Chunk             |     2 |     7 |     2 ||    11
Armor: Robe              |     8 |     9 |       ||    17
       Scale mail        |       |     8 |    21 ||    29
Dodge: Dodged            |    59 |    81 |    47 ||   187
       Rpst.: Falchion   |    12 |    27 |    14 ||    53
